 Dungeon Crawl Stone Soup version 0.27.1-33-g824d729ab1 (webtiles) character file.

Game seed: 1752587954451614075

1712 Destapler the Cudgeller (level 8, 0/80 HPs)
             Began as a Troll Berserker on Dec 17, 2021.
             Was an Elder of Trog.
             Slain by a killer bee zombie (7 damage)
             ... on level 6 of the Dungeon.
             The game lasted 00:06:55 (3613 turns).

Destapler the Cudgeller (Troll Berserker)           Turns: 3613, Time: 00:06:56

Health: 0/80       AC:  4    Str: 26    XL:     8   Next: 74%
Magic:  7/7        EV: 11    Int:  3    God:    Trog [****..]
Gold:   249        SH:  0    Dex: 11    Spells: 7/7 levels left

rFire    . . .     SeeInvis .   a - +0 mace
rCold    . . .     Faith    .   (no shield)
rNeg     . . .     Spirit   .   b - +0 animal skin
rPois    .         Reflect  .   s - +0 hat
rElec    .         Harm     .   (no cloak)
rCorr    .         Rampage  .   (gloves unavailable)
Will     .....                  (boots unavailable)
Stlth    +.........             (no amulet)
HPRegen  1.23/turn              (no ring)
MPRegen  0.10/turn              (no ring)

@: on berserk cooldown, slowed, very slow
A: large, unfitting armour, claws 3, regeneration 1, shaggy fur 1, tough skin 1
a: Renounce Religion, Berserk, Trog's Hand, Brothers in Arms


You were on level 6 of the Dungeon.
You worshipped Trog.
Trog was greatly pleased with you.
You visited 1 branch of the dungeon, and saw 6 of its levels.

You collected 249 gold pieces.

Inventory:

Hand Weapons
 a - a +0 mace (weapon)
Missiles
 c - 4 boomerangs (quivered)
 t - 5 curare-tipped darts
Armour
 b - a +0 animal skin (worn)
 s - a +0 hat (worn)
Jewellery
 e - a ring of fire
Wands
 j - a wand of polymorph (5)
 n - a wand of acid (10)
 u - a wand of paralysis (7)
Scrolls
 d - 3 scrolls of identify {unknown}
 f - 4 scrolls of summoning {unknown}
 g - a scroll of immolation {unknown}
 h - a scroll of amnesia {unknown}
 o - a scroll of teleportation {unknown}
 q - a scroll of fear {unknown}
 r - a scroll of noise {unknown}
 v - a scroll of acquirement {unknown}
 w - a scroll of enchant armour {unknown}
Potions
 i - a potion of brilliance {unknown}
 k - 2 potions of haste {unknown}
 l - 3 potions of heal wounds {unknown}
 m - 5 potions of curing {unknown}
 p - a potion of might {unknown}


   Skills:
 + Level 5.0 Fighting
 + Level 5.4 Maces & Flails
 + Level 4.6 Throwing
 - Level 3.0 Armour
 + Level 5.0 Dodging


You had 7 spell levels left.
You didn't know any spells.
Your spell library contained the following spells:

 Spells                   Type           Power      Damage    Failure   Level
 Slow                     Hex            0%         N/A       67%         2
 Confusing Touch          Hex            0%         N/A       88%         3
 Vampiric Draining        Necr           0%         2d6       88%         3
 Animate Dead             Necr           0%         N/A       99%         4
 Passage of Golubria      Tloc           N/A        N/A       99%         4
 Silence                  Hex/Air        0%         N/A       100%        5
 Haunt                    Necr/Summ      0%         N/A       100%        7
 Infestation              Necr           0%         N/A       100%        8
 Lehudib's Crystal Spear  Conj/Erth      0%         10d2      100%        8


Dungeon Overview and Level Annotations

Branches:
Dungeon (6/15)             Temple (0/1) D:4

Altars:
Fedhas
Hepliaklqana
Makhleb
Qazlal
Ru
Vehumet

Shops:
D:3 :


Innate Abilities, Weirdness & Mutations

You are too large for most types of armour.
You have claws for hands.
Your natural rate of healing is unusually fast.
You are covered in fur. (AC +1)
You have tough skin. (AC +1)


Message History

You miss something. Something hits you but does no damage.
Unknown command.
You closely miss something.
A sky beast appears from thin air!
Reactivating autopickup.
The sky beast closely misses you. The killer bee zombie hits you.
* * * LOW HITPOINT WARNING * * *
Unknown command.
You sock the sky beast!
The sky beast is almost dead.
The killer bee zombie closely misses you.
Unknown command.
You closely miss the sky beast.
The sky beast is almost dead.
The killer bee zombie hits you but does no damage.
The sky beast hits you but does no damage.
Unknown command.
You thump the sky beast!
You kill the sky beast!
Trog accepts your kill.
The killer bee zombie hits you but does no damage.
The killer bee zombie closely misses you.
Your Fighting skill increases to level 5!
Your Dodging skill increases to level 5!
You bludgeon the killer bee zombie!!
The killer bee zombie is almost destroyed.
The killer bee zombie barely misses you.
Unknown command.
You closely miss the killer bee zombie.
The killer bee zombie is almost destroyed.
You are no longer berserk.
You are exhausted.
You feel yourself slow down.
The killer bee zombie hits you but does no damage.
The orc hits you with a +0 hand axe.
* * * LOW HITPOINT WARNING * * *
You hit the killer bee zombie.
The killer bee zombie is almost destroyed.
The killer bee zombie closely misses you.
The killer bee zombie hits you!
You die...

... ... #### #. ...##..#
#. #.##...# #.##
#.#...##..#..## ..
+#.#'.##...#...
....###...###......[#
......Z.8.........#.####
..###@..###...........
#.o#.#'.##....#.....
#...#.#.).##...##....
#...##.##...#.........
#).##...##.(#..####...
####.....####..# #...
...............####...
..............>........
####################...


You could see an orc and a killer bee zombie.

Vanquished Creatures
  A troll (D:6)
  A water moccasin (D:5)
  A sky beast (D:6)
  An ice beast (D:6)
  2 black bears
  2 necrophages (D:5)
  An ogre (D:4)
  2 bullfrogs
  2 scorpions
  A crimson imp (D:4)
  A jelly (D:4)
  A centaur skeleton (D:5)
  2 bullfrog skeletons (D:6)
  A hound (D:4)
  Jessica (D:3)
  An iguana (D:6)
  Natasha (thrice) (D:2)
  A killer bee zombie (D:4)
  2 hound skeletons
  8 adders
  An ufetubus (D:6)
  An adder skeleton (D:4)
  A worm (D:2)
  3 dart slugs
  16 orcs
  7 bats
  8 endoplasms
  2 giant cockroaches (D:3)
  9 hobgoblins
  A ball python (D:3)
  2 frilled lizards
  11 goblins
  4 kobolds
  A rat (D:1)
102 creatures vanquished.

Vanquished Creatures (others)
  A fungus (D:4)
1 creature vanquished.

Grand Total: 103 creatures vanquished

Notes
Turn   | Place    | Note
-------+----------+-------------------------------------------
     0 | D:1      | Destapler the Troll Berserker began the quest for the Orb.
     0 | D:1      | Reached XP level 1. HP: 22/22 MP: 0/0
    79 | D:1      | Reached XP level 2. HP: 29/29 MP: 1/1
   498 | D:2      | Found a faded altar of an unknown god.
   543 | D:2      | Noticed Natasha
   545 | D:2      | Noticed a crimson imp
   553 | D:2      | Killed Natasha
   554 | D:2      | Reached skill level 1 in Throwing
   554 | D:2      | Reached XP level 3. HP: 36/36 MP: 2/2
   572 | D:2      | Noticed Natasha
   607 | D:2      | Killed Natasha
   607 | D:2      | Reached ** piety under Trog
   608 | D:2      | Reached skill level 1 in Armour
   608 | D:2      | Reached XP level 4. HP: 44/44 MP: 3/3
   678 | D:2      | Noticed Natasha
   688 | D:2      | Killed Natasha
   812 | D:2      | Found a sacrificial altar of Ru.
   938 | D:3      | Noticed a scorpion
   945 | D:2      | Killed a scorpion
   946 | D:2      | Reached XP level 5. HP: 50/53 MP: 4/4
   996 | D:3      | Noticed Jessica
  1015 | D:3      | Killed Jessica
  1217 | D:3      | Found Gexeluo's Book Boutique.
  1293 | D:3      | Reached *** piety under Trog
  1614 | D:4      | Found a staircase to the Ecumenical Temple.
  1766 | D:4      | Reached XP level 6. HP: 56/61 MP: 5/5
  1908 | D:4      | Found a hazy altar of Hepliaklqana.
  1912 | D:4      | Found a blossoming altar of Fedhas.
  2208 | D:4      | Reached XP level 7. HP: 40/68 MP: 6/6
  2308 | D:4      | Found a radiant altar of Vehumet.
  2308 | D:4      | Found a burning altar of Makhleb.
  2632 | D:5      | Entered Level 5 of the Dungeon
  2892 | D:5      | Found a stormy altar of Qazlal.
  2998 | D:5      | Reached **** piety under Trog
  3221 | D:5      | Reached XP level 8. HP: 63/76 MP: 7/7
  3538 | D:6      | Reached skill level 5 in Maces & Flails
  3584 | D:6      | Noticed a troll
  3602 | D:6      | Killed a troll
  3603 | D:6      | HP: 2/118 [something (6)]
  3611 | D:6      | Reached skill level 5 in Fighting
  3611 | D:6      | Reached skill level 5 in Dodging
  3613 | D:6      | Slain by a killer bee zombie

Illustrated notes

Levels and vault maps discovered:
D:1:      matt_arrival_spirals, layout_basic
D:2:      layout_rooms, basic_altar, ebering_ecumenical_altar_box, st_stairs_6,
          uniq_natasha
D:3:      layout_loops_ring, serial_shops, shop, grunt_ministairs_3,
          uniq_jessica
D:4:      minmay_angry_zag, layout_loops_ring,
          grunt_temple_overflow_lords_of_destruction,
          mainiacjoe_overflow_big_doors, temple_statues
D:5:      layout_basic, grunt_qazlal_sundering
D:6:      cheibrodos_barr_body, layout_basic, grunt_decor_one_mirror

Skill      XL: |  1  2  3  4  5  6  7  8 |
---------------+-------------------------+-----
Maces & Flails | 3 4 5 |  5.4
Throwing       | 1 2 3 4 |  4.6
Armour         | 1 2 3 |  3.0
Fighting       | 3 4 5 |  5.0
Dodging        | 3 4 5 |  5.0

Action                   |  1- 3 |  4- 6 |  7- 9 || total
-------------------------+-------+-------+-------++-------
Melee: Mace              |    56 |   173 |   202 ||   431
       Unarmed           |     1 |     7 |       ||     8
Throw: Boomerang         |     2 |     1 |       ||     3
Invok: Berserk           |     2 |     5 |     4 ||    11
 Stab: Sleeping          |       |     2 |       ||     2
Armor: Animal skin       |    21 |    68 |    79 ||   168
Dodge: Dodged            |    34 |   116 |   133 ||   283
